Map: New Gettysburg LE

Players

SpaceCowboy - Winner!

  • Race: Terran Terran
  • League: Diamond

Trizztein

  • Race: Terran Terran
  • League: Diamond

VOD

Have the link to the VOD?

Description

Time

  • Played on: July 25, 2016, 7:04 p.m.
  • Length: 19:00
Show
View Real Time Build Order
Export as new Build Order

SpaceCowboy Terran - Winner!

Build Orders: Reaper Expand, Mech 

Get SALT Encoding   

  12  0:01  SCV  
  13  0:13  SCV  
  14  0:19  Supply Depot  
  14  0:25  SCV  
  15  0:40  SCV  
  16  0:43  Barracks  
  16  0:44  Refinery  
  16  0:52  SCV  
  17  1:04  SCV  
  18  1:16  SCV  
  19  1:29  Reaper  
  19  1:30  Orbital Command  
  20  1:52  Command Center  
  20  1:55  SCV  
  21  2:01  Reaper  
  21  2:06  Refinery  
  21  2:07  SCV  
  23  2:14  Supply Depot  
  23  2:25  Factory  
  23  2:35  SCV, Barracks Reactor  
  24  2:47  SCV  
  25  2:59  SCV  
  26  3:08  Orbital Command  
  26  3:11  Starport, SCV  
  27  3:18  Barracks Tech Lab  
  27  3:24  SCV  
  27  3:27  Hellion x2  
  32  3:34  SCV  
  32  3:36  SCV  
  32  3:38  Supply Depot  
  34  3:46  SCV  
  34  3:48  Hellion x2, SCV  
  40  3:57  Barracks Reactor  
  40  3:58  SCV  
  40  4:00  SCV  
  40  4:01  Supply Depot  
  44  4:09  Hellion  
  48  4:10  Hellion  
  48  4:11  SCV  
  48  4:13  SCV  
  48  4:23  Supply Depot, SCV  
  48  4:26  SCV  
  48  4:31  Hellion x2  
  50  4:32  Engineering Bay  
  50  4:38  Raven  
  52  4:40  SCV  
  52  4:42  Factory  
  52  4:44  SCV  
  52  4:51  Command Center  
  52  4:52  SCV  
  53  4:53  Hellion  
  55  5:01  Missile Turret  
  55  5:02  Missile Turret, SCV  
  56  5:08  SCV  
  57  5:14  SCV  
  57  5:15  Armory  
  57  5:20  SCV  
  59  5:26  Hellion x2, SCV  
  64  5:30  Refinery  
  64  5:31  Refinery  
  64  5:32  SCV  
  65  5:38  SCV  
  65  5:39  Siege Tank  
  65  5:40  Infernal Pre-Igniter  
  69  5:45  Supply Depot x2  
  69  5:46  SCV  
  69  5:49  Viking  
  72  5:52  SCV  
  73  5:58  Viking, SCV  
  73  6:03  Orbital Command  
  76  6:04  SCV  
  76  6:08  Hellion  
  76  6:10  SCV  
  80  6:11  Terran Vehicle Weapons Level 1  
  80  6:21  Viking  
  80  6:24  Siege Tank  
  86  6:25  SCV  
  86  6:27  Supply Depot  
  86  6:28  SCV  
  85  6:34  Orbital Command  
  85  6:37  Hellion x2  
  89  6:42  Factory  
  89  6:49  SCV x2  
  91  6:54  Supply Depot  
  91  6:55  Missile Turret, Refinery  
  91  7:00  Missile Turret, Refinery  
  91  7:01  SCV x2  
  94  7:02  Liberator x2, SCV, Barracks Tech Lab  
  94  7:03  Siege Tank  
  97  7:13  SCV  
  98  7:16  SCV  
  98  7:19  Hellion x2  
  98  7:20  SCV  
  108  7:25  SCV  
  108  7:28  SCV  
  111  7:38  Supply Depot, Armory  
  111  7:39  SCV  
  111  7:40  Command Center, SCV  
  112  7:53  Hellion x2, Siege Tank  
  112  7:55  SCV x3  
  122  8:03  Supply Depot  
  122  8:07  SCV x2  
  122  8:08  Factory  
  122  8:10  Factory, Terran Vehicle Weapons Level 2  
  124  8:18  Missile Turret  
  124  8:20  Missile Turret  
  124  8:24  Thor  
  130  8:30  Hellion x2, Widow Mine  
  130  8:31  SCV  
  137  8:43  Viking  
  137  8:45  Terran Vehicle And Ship Armor Level 1  
  139  8:49  Supply Depot  
  139  8:51  Supply Depot  
  139  8:52  Medivac  
  139  8:53  Factory Tech Lab x2  
  141  8:57  Hi-Sec Auto Tracking  
  141  8:59  Thor  
  141  9:02  Hellion x2  
  149  9:16  Thor  
  155  9:19  Thor  
  161  9:26  Planetary Fortress  
  161  9:28  SCV  
  161  9:29  SCV x2  
  164  9:33  Refinery  
  164  9:34  Refinery  
  164  9:35  Widow Mine x2  
  168  9:40  Supply Depot  
  168  9:41  Viking  
  168  9:43  Supply Depot  
  168  9:45  Sensor Tower  
  170  9:48  Thor  
  176  10:02  Thor  
  176  10:06  Supply Depot  
  182  10:07  Supply Depot  
  182  10:09  Command Center  
  182  10:15  Command Center  
  182  10:24  Hellion  
  182  10:25  Hellion, Medivac x2  
  188  10:33  Thor  
  188  10:34  Siege Tank  
  192  10:50  Siege Tank x2  
  192  10:55  Medivac x2  
  193  10:57  Hellion x2  
  193  10:58  SCV x2  
  197  11:06  Siege Tank  
  200  11:12  Missile Turret x2  
  200  11:13  Terran Vehicle Weapons Level 3  
  200  11:15  Terran Vehicle And Ship Armor Level 2  
  200  11:30  Orbital Command  
  200  11:42  Factory  
  200  11:44  Factory  
  198  11:59  Refinery x2  
  198  12:00  Command Center  
  198  12:03  Planetary Fortress  
  198  12:26  Command Center  
  198  12:28  Command Center  
  198  12:30  Command Center  
  198  12:43  Factory Tech Lab  
  197  12:53  Siege Tank  
  195  13:15  Siege Tank x3  
  195  13:16  Hellion x2  
  171  13:25  Siege Tank  
  150  13:29  Liberator x2  
  150  13:30  Factory Tech Lab  
  137  13:46  Hellion x2  
  137  13:47  Siege Tank x3  
  154  13:50  Thor  
  158  13:56  Orbital Command  
  158  13:57  Siege Tank  
  161  14:07  Missile Turret  
  161  14:11  Terran Vehicle And Ship Armor Level 3  
  161  14:12  Terran Ship Weapons Level 1  
  161  14:19  Factory, Siege Tank x3  
  170  14:29  Thor  
  176  14:35  Siege Tank  
  176  14:36  Hellion x2  
  176  14:37  Viking x2  
  187  14:41  SCV x3  
  187  14:42  SCV  
  187  14:43  Building Armor, Sensor Tower  
  187  14:53  Siege Tank x2  
  187  14:57  Thor  
  195  15:08  Thor  
  196  15:24  Thor  
  196  15:25  Thor  
  198  15:33  Thor  
  192  15:40  Hellion x3, Siege Tank  
  185  15:51  Siege Tank  
  188  16:00  Widow Mine x2, Command Center  
  192  16:05  Factory Reactor  
  192  16:07  Thor  
  198  16:32  Refinery x2  
  193  17:02  Siege Tank  
  193  17:03  Siege Tank  
  193  17:08  Siege Tank  
  199  17:14  Liberator x2  
  197  17:18  Siege Tank  
  197  17:23  Siege Tank  
  170  17:35  Siege Tank x2  
  170  17:40  Siege Tank  
  169  17:48  SCV x2  
  169  17:49  SCV  
  169  17:50  Siege Tank, SCV x2  
  176  17:55  Siege Tank  
  176  17:57  Liberator x2  
  178  18:06  SCV x3  
  178  18:07  Thor, Siege Tank  
  178  18:12  SCV  
  192  18:13  Planetary Fortress  
  191  18:37  Refinery  
  191  18:38  Refinery  
Show
View Real Time Build Order
Export as new Build Order

Trizztein Terran 

Build Orders: Reaper Expand 

Get SALT Encoding   

  12  0:00  SCV  
  13  0:13  SCV  
  14  0:19  Supply Depot  
  14  0:25  SCV  
  15  0:40  SCV  
  15  0:41  Barracks  
  16  0:46  Refinery  
  16  0:52  SCV  
  17  1:04  SCV  
  18  1:16  SCV  
  19  1:29  Orbital Command  
  19  1:30  Reaper  
  20  1:58  Command Center  
  20  1:59  SCV  
  21  2:02  Reaper  
  22  2:14  SCV  
  23  2:24  Supply Depot  
  23  2:32  Command Center  
  23  2:38  Supply Depot  
  23  2:42  Barracks Reactor  
  23  2:46  SCV  
  24  2:57  Factory  
  24  2:58  SCV  
  25  3:10  Orbital Command, SCV  
  26  3:14  Refinery  
  25  3:25  SCV  
  26  3:31  Marine x2  
  28  3:38  SCV  
  28  3:40  SCV  
  30  3:41  Factory Tech Lab  
  30  3:43  Starport  
  30  3:49  Orbital Command  
  30  3:56  SCV x2  
  30  4:02  Marine x2  
  34  4:08  Siege Tank  
  37  4:10  SCV  
  37  4:13  SCV  
  39  4:19  Engineering Bay  
  36  4:29  Marine x2  
  36  4:34  SCV  
  36  4:35  SCV  
  38  4:38  SCV  
  38  4:40  Viking  
  41  4:47  Missile Turret, SCV  
  41  4:52  Missile Turret  
  42  4:54  SCV  
  42  4:59  SCV  
  44  5:00  Marine, Missile Turret  
  44  5:03  SCV  
  44  5:07  SCV  
  47  5:11  SCV, Refinery  
  47  5:13  Terran Infantry Weapons Level 1  
  48  5:15  SCV  
  48  5:17  Cyclone  
  48  5:19  SCV  
  54  5:28  Missile Turret, SCV x2  
  56  5:30  Marine x2  
  56  5:32  SCV  
  59  5:39  Supply Depot  
  59  5:40  Supply Depot, SCV  
  61  5:43  Medivac  
  62  5:51  Orbital Command  
  62  5:52  Siege Tank  
  62  5:53  Barracks  
  62  5:54  SCV  
  62  5:55  Barracks  
  62  5:56  SCV  
  67  6:06  SCV, Refinery  
  67  6:08  Supply Depot x2, SCV  
  69  6:19  SCV  
  69  6:20  SCV  
  71  6:30  SCV  
  71  6:31  SCV  
  73  6:34  SCV, Refinery  
  73  6:35  Refinery  
  73  6:39  Barracks, Supply Depot x2  
  74  6:40  Marine x2  
  74  6:41  Barracks  
  74  6:42  SCV  
  74  6:43  SCV  
  78  6:47  Barracks Tech Lab x2  
  78  6:52  SCV  
  79  6:54  SCV  
  79  6:55  Engineering Bay, Armory  
  79  6:57  Starport Reactor  
  79  7:01  Supply Depot  
  80  7:02  Supply Depot  
  80  7:05  SCV x2  
  80  7:06  SCV  
  81  7:24  SCV  
  82  7:32  Bunker  
  82  7:34  Supply Depot, SCV x2  
  82  7:35  Supply Depot  
  84  7:37  SCV  
  84  7:39  Marine x4  
  84  7:41  Barracks Reactor  
  84  7:43  Terran Infantry Weapons Level 2, Barracks Reactor  
  84  7:44  Terran Infantry Armor Level 1  
  89  7:46  SCV, Terran Vehicle Weapons Level 1  
  89  7:49  SCV x2  
  92  7:57  Marine x4, Supply Depot  
  96  7:59  Supply Depot  
  96  8:05  Supply Depot  
  96  8:09  Supply Depot  
  96  8:14  Missile Turret  
  96  8:15  Marine x3  
  96  8:18  Marine x2  
  96  8:19  Marine x2  
  103  8:20  Combat Shields, Stimpack  
  103  8:28  Medivac x2  
  103  8:30  Siege Tank  
  103  8:34  Marine x4  
  114  8:44  Marine x4  
  118  8:51  Marine x2  
  120  8:58  Medivac  
  120  9:02  Siege Tank  
  125  9:04  Marine x4  
  125  9:06  Supply Depot, Marauder  
  125  9:08  Supply Depot x2, Marauder  
  133  9:16  Factory x2  
  133  9:18  Marine x2  
  136  9:28  Marauder  
  137  9:32  Marine x3  
  137  9:33  Marine x2  
  137  9:36  Marine  
  143  9:38  Terran Infantry Armor Level 2  
  143  9:40  Marine  
  143  9:45  Barracks  
  144  9:46  Barracks  
  144  9:49  Marauder  
  144  9:50  Marine x2  
  144  9:52  Command Center  
  148  10:04  Marine  
  148  10:05  Marine x3  
  152  10:09  Marine x2  
  152  10:10  Medivac x2  
  158  10:23  Liberator  
  158  10:38  Marine  
  158  10:39  Marine x5  
  167  10:48  SCV  
  158  10:54  Marauder x2  
  158  10:56  Marine x2  
  158  10:58  Barracks Tech Lab  
  158  10:59  Barracks Reactor  
  158  11:00  Barracks Tech Lab  
  154  11:04  Siege Tank  
  157  11:11  Factory Tech Lab  
  157  11:12  Factory Tech Lab  
  157  11:15  Marauder  
  159  11:20  Marine x2  
  159  11:24  Marine x2  
  159  11:25  Marine x2, Marauder x3  
  171  11:31  Viking x2  
  175  11:33  Sensor Tower  
  175  11:34  Refinery  
  175  11:35  Refinery  
  175  11:36  Marine  
  175  11:37  Starport  
  176  11:42  Planetary Fortress  
  172  11:47  Marine x4, Marauder x2  
  180  11:55  Marine x2, Marauder x2  
  186  12:04  Terran Infantry Weapons Level 3, Terran Infantry Armor Level 3  
  186  12:05  Marine x2, Terran Vehicle Weapons Level 2  
  188  12:11  Armory  
  188  12:12  Marine, Marauder  
  188  12:14  Siege Tank x3  
  188  12:15  Starport Reactor  
  200  12:48  Marine x3  
  194  12:52  Marine x5  
  199  13:01  Marine  
  146  13:21  Marine x5  
  146  13:24  Marine x4  
  128  13:27  Marine  
  128  13:28  Siege Tank x3  
  128  13:29  Medivac x4  
  140  13:39  Marine x2  
  138  13:42  Marine x3  
  138  13:43  Marine  
  138  13:45  Marauder x3  
  147  13:55  Command Center  
  139  13:59  Marine x3, Viking x3  
  139  14:00  Marine, Siege Tank x2  
  149  14:03  Siege Tank  
  149  14:04  Medivac  
  149  14:06  Marauder x2  
  158  14:15  Terran Ship Weapons Level 1  
  158  14:20  Liberator  
  158  14:33  Marine x7  
  158  14:34  Marine x2  
  158  14:35  Marauder  
  158  14:36  Siege Tank x2  
  158  14:37  Medivac x2, Siege Tank  
  185  14:38  Viking  
  187  14:52  Marauder x2  
  188  15:07  Viking  
  190  15:20  Viking x3  
  151  15:44  Viking  
  151  15:45  Marine x6  
  151  15:46  Marauder  
  151  15:49  Viking  
  161  15:50  Planetary Fortress  
  163  16:00  Refinery  
  163  16:10  Refinery  
  163  16:11  Marine x4  
  167  16:23  Command Center x2  
  167  16:27  Sensor Tower  
  145  16:49  Marine x7  
  152  16:55  Marine x2  
  152  16:56  Siege Tank x2  
  152  16:57  Siege Tank  
  170  17:02  Marine  
  170  17:07  Marine x3  
  173  17:14  Medivac x3  
  148  17:23  Marine x3  
  148  17:24  Marine  
  148  17:25  Marine x2  
  148  17:28  Siege Tank x2  
  148  17:29  Siege Tank  
  150  17:34  Orbital Command  
  132  17:38  Marine x3  
  132  17:41  Marine x2  
  124  17:56  Marine  
  124  17:57  Marine  
  123  18:03  Marine x6  
  108  18:14  Marine x2  
  106  18:21  Marine  
  95  18:34  Marine x2  
  95  18:35  Marine x2  
  95  18:39  Marine x2  
Tags
 
Add a new tag
Caveats
  • Supply blocks, unpowered buildings, or Contaminate may cause inaccurate times.
  • Supply counts are checked every 10 seconds.